 Dungeon Crawl Stone Soup version 0.31-a0-965-g8a8ce12e04 (webtiles) character file.

Game seed: 12888742547027580118

3457 zero the Magician (level 10, -6/74 HPs)
             Began as a Gnoll Fire Elementalist on Oct 26, 2023.
             Was a Follower of Vehumet.
             Shot with an arrow by a centaur (7 damage)
             ... on level 8 of the Dungeon.
             The game lasted 00:14:56 (13105 turns).

zero the Magician (Gnoll Fire Elementalist)        Turns: 13105, Time: 00:14:56

Health: -6/74      AC:  4    Str:  8    XL:     10   Next: 6%
Magic:  9/20       EV: 14    Int: 18    God:    Vehumet [*.....]
Gold:   485        SH:  0    Dex: 13    Spells: 14/23 levels left

rFire   . . .        d - +1 short sword (drain)
rCold   . . .        (no shield)
rNeg    . . .        a - +0 robe
rPois   .            (no helmet)
rElec   .            (no cloak)
rCorr   .            F - +0 pair of gloves
SInv    +            q - +0 pair of boots
Will    +....        r - amulet of the acrobat
Stlth   +++          k - ring of willpower
HPRegen 0.32/turn    o - ring of see invisible
MPRegen 0.17/turn

%: acrobat
@: no status effects
A: fangs 1, strong nose, distributed training
a: Renounce Religion


You were on level 8 of the Dungeon.
You worshipped Vehumet.
Vehumet was aware of your devotion.
You visited 2 branches of the dungeon, and saw 9 of its levels.
You also visited: Ossuary.

You collected 485 gold pieces.

Inventory:

Hand Weapons
 d - a +1 short sword of draining (weapon)
 h - a +0 dagger of speed
Armour
 a - a +0 robe (worn)
 q - a +0 pair of boots (worn)
 F - a +0 pair of gloves (worn)
Jewellery
 k - a ring of willpower (left hand)
 o - a ring of see invisible (right hand)
 r - an amulet of the acrobat (around neck)
 B - an amulet of regeneration
Wands
 y - a wand of flame (20)
 E - a wand of paralysis (23)
Scrolls
 e - 3 scrolls of teleportation
 f - 2 scrolls of fear
 j - a scroll of noise
 n - a scroll of enchant weapon
 s - a scroll of revelation
 t - a scroll of amnesia
 x - a scroll of vulnerability
 H - a scroll of immolation
Potions
 b - 3 potions of magic
 c - 3 potions of heal wounds
 g - 2 potions of might
 i - 2 potions of resistance
 p - a potion of lignification
 v - 4 potions of berserk rage
 w - a potion of attraction
 z - 2 potions of brilliance
 A - a potion of mutation


   Skills:
 + Level 5.0 Fighting
 + Level 5.0 Short Blades
 + Level 5.0 Long Blades
 + Level 5.0 Axes
 + Level 5.0 Maces & Flails
 + Level 5.0 Polearms
 + Level 5.0 Staves
 + Level 5.0 Ranged Weapons
 + Level 5.0 Throwing
 + Level 5.0 Armour
 + Level 6.8 Dodging
 + Level 6.6 Stealth
 + Level 5.0 Shields
 + Level 5.0 Unarmed Combat
 + Level 7.1 Spellcasting
 + Level 4.7 Conjurations
 + Level 4.1 Hexes
 + Level 4.1 Summonings
 + Level 4.1 Necromancy
 + Level 4.1 Translocations
 + Level 4.1 Transmutations
 + Level 6.9 Fire Magic
 + Level 4.1 Ice Magic
 + Level 4.1 Air Magic
 + Level 4.1 Earth Magic
 + Level 4.1 Poison Magic
 + Level 5.4 Invocations
 + Level 5.0 Evocations
 + Level 4.5 Shapeshifting


You had 14 spell levels left.
You knew the following spells:

 Your Spells              Type           Power      Damage    Failure   Level
b - Scorch                Fire           62%        2d7       1%          2
c - Flame Wave            Conj/Fire      27%        2d9       10%         4
d - Blink                 Tloc           42%        N/A       3%          2
g - Apportation           Tloc           42%        N/A       1%          1

Your spell library contained the following spells:

 Spells                   Type           Power      Damage    Failure   Level
 Sandblast                Erth           42%        2d11      1%          1
 Foxfire                  Conj/Fire      100%       2x1d9     1%          1
 Kiss of Death            Conj/Necr      88%        2d12      1%          1
 Necrotise                Necr           84%        1d8       1%          1
 Summon Small Mammal      Summ           84%        N/A       1%          1
 Momentum Strike          Conj/Tloc      44%        3d9       2%          2
 Lesser Beckoning         Tloc           42%        N/A       3%          2
 Passwall                 Tmut/Erth      17%        N/A       3%          2
 Inner Flame              Hex/Fire       26%        N/A       3%          3
 Volatile Blastmotes      Fire/Tloc      52%        2d14      3%          3
 Hailstorm                Conj/Ice       22%        3d7       5%          3
 Mephitic Cloud           Conj/Pois/Air  21%        N/A       5%          3
 Stone Arrow              Conj/Erth      44%        3d9       5%          3
 Vampiric Draining        Necr           21%        2d7       6%          3
 Fulminant Prism          Conj/Hex       11%        3d9       17%         4
 Dimensional Bullseye     Hex/Tloc       10%        N/A       19%         4
 Irradiate                Conj/Tmut      11%        3d15      43%         5
 Agony                    Necr           21%        N/A       47%         5
 Yara's Violent Unravell  Hex/Tmut       10%        3d6       47%         5
 Lehudib's Crystal Spear  Conj/Erth      11%        10d4      100%        8
 Fire Storm               Conj/Fire      13%        8d4       100%        9


Dungeon Overview and Level Annotations

Branches:
Dungeon (8/15)             Temple (1/1) D:6         Ossuary (visited)
   Lair: D:8-11

Altars:
Ashenzari
Cheibriados
Fedhas
Gozag
Kikubaaqudgha
Makhleb
Nemelex Xobeh
Okawaru
Ru
Sif Muna
Uskayaw
Vehumet
Yredelemnul
The Shining One

Annotations:
D:3 exclusion: phantom
D:7 2 runed translucent doors, Dowan, Duvessa, Jeremiah


Innate Abilities, Weirdness & Mutations

You have very sharp teeth.
Your uncanny sense of smell can sniff out nearby items.
Your experience applies equally to all skills.


Message History

You can now gain magical power from killing.
Vehumet offers you knowledge of Sandblast.
You feel sick.
The centaur hits you but does no damage.
The centaur closely misses you.
Casting: Scorch (safe; 1% risk of failure)
Confirm with . or Enter, or press ? or * to list all spells.
Flames lash the centaur.
The centaur is burned terribly!
The centaur is almost dead.
You feel sick.
You are no longer poisoned.
The centaur hits you.
* * * LOW HITPOINT WARNING * * *
The centaur kicks you.
* * * LOW HITPOINT WARNING * * *
The centaur barely misses you. The centaur kicks you.
* * * LOW HITPOINT WARNING * * *
Casting: Scorch (safe; 1% risk of failure)
Confirm with . or Enter, or press ? or * to list all spells.
Flames lash the centaur.
The centaur is burned terribly!
You kill the centaur!
Vehumet accepts your kill.
Your Fighting skill increases to level 5!
Your Short Blades skill increases to level 5!
Your Long Blades skill increases to level 5!
Your Axes skill increases to level 5!
Your Maces & Flails skill increases to level 5!
Your Polearms skill increases to level 5!
Your Staves skill increases to level 5!
Your Ranged Weapons skill increases to level 5!
Your Throwing skill increases to level 5!
Your Armour skill increases to level 5!
Your Shields skill increases to level 5!
Your Unarmed Combat skill increases to level 5!
Your Evocations skill increases to level 5!
You climb downwards.
The centaur shoots an arrow.
The arrow hits you!
* * * LOW HITPOINT WARNING * * *
The centaur shoots an arrow.
The arrow misses you.
The centaur shoots an arrow.
The arrow hits you!
You die...

..#....##...#..............#,,,*,,,
..#...........#..####.[...##,,,**,,
..#.....#.###.#..##.......#,,,,,*,,
..#.....#........##.......#,,,,,*,,
....#'#.#####.#.###.#######*,,,,,,,
#.###......)....# #.# *,,,,,,,
#.......#####.#####.# *,,,,,,,
#####..^#...#.......###### *,,,,,,,
#....#.#.#....@..(....# *****,,,
#........#.......####c#*********
#.####.###.......# #.#*,,*,,*,,
#......# #.......# #.#*,,*,,*,,
##########.......# #c#***,**,**
#.............# #.#*,,*,,*,*
##.....#....<.# #.#*,,*,,***
#.....#......# #.#***,*##*,
#.....######## #.#*,,*..#*,


You could see a centaur.

Vanquished Creatures
  4 water moccasins
  A hornet zombie (D:6)
  2 ice beasts (D:5)
  An orc warrior (D:6)
  A black bear (D:8)
  A sky beast (D:6)
  An ogre (D:5)
  3 centaurs
  2 phantoms
  2 elf zombies (Ossuary)
  A water moccasin zombie (D:6)
  5 scorpions
  3 wyvern zombies (D:6)
  A gnoll sergeant (D:5)
  2 howler monkeys (D:8)
  A centaur zombie (D:6)
  3 bullfrog zombies (D:6)
  5 jellies
  5 orc priests
  5 hounds
  4 iguanas
  8 orc wizards
  A killer bee zombie (D:6)
  2 mummies (Ossuary)
  2 howler monkey skeletons (D:6)
  A howler monkey zombie (D:6)
  8 adders
  3 shadow imps
  2 ufetubi (D:5)
  3 adder zombies (Ossuary)
  2 worms (D:3)
  2 dart slugs
  22 orcs
  6 endoplasms
  3 giant cockroaches
  9 goblins
  4 hobgoblins
  13 kobolds
  6 quokkas
  8 ball pythons
  3 bats
  4 frilled lizards (D:1)
  A goblin zombie (Ossuary)
  10 hobgoblin zombies (Ossuary)
  2 jackal zombies (Ossuary)
  8 kobold zombies (Ossuary)
  9 orc zombies (Ossuary)
  4 rats
  A rat zombie (Ossuary)
200 creatures vanquished.

Vanquished Creatures (collateral kills)
  14 foxfires (D:1)
14 creatures vanquished.

Vanquished Creatures (others)
  773 foxfires
773 creatures vanquished.

Grand Total: 987 creatures vanquished

Notes
Turn   | Place    | Note
-------+----------+-------------------------------------------
     0 | D:1      | zero the Gnoll Fire Elementalist began the quest for the
                  | Orb.
     0 | D:1      | Reached XP level 1. HP: 13/13 MP: 6/6
   136 | D:1      | Reached XP level 2. HP: 18/19 MP: 4/7
   703 | D:1      | Reached XP level 3. HP: 25/25 MP: 6/9
   706 | D:1      | Learned a level 2 spell: Scorch
   708 | D:1      | Learned a level 1 spell: Apportation
   765 | D:1      | Reached skill level 5 in Spellcasting
  1484 | D:2      | Reached skill level 1 in Invocations
  1749 | D:2      | Reached skill level 1 in Fighting
  1749 | D:2      | Reached skill level 1 in Short Blades
  1749 | D:2      | Reached skill level 1 in Long Blades
  1749 | D:2      | Reached skill level 1 in Axes
  1749 | D:2      | Reached skill level 1 in Maces & Flails
  1749 | D:2      | Reached skill level 1 in Polearms
  1749 | D:2      | Reached skill level 1 in Staves
  1749 | D:2      | Reached skill level 1 in Ranged Weapons
  1749 | D:2      | Reached skill level 1 in Throwing
  1749 | D:2      | Reached skill level 1 in Armour
  1749 | D:2      | Reached skill level 1 in Shields
  1749 | D:2      | Reached skill level 1 in Unarmed Combat
  1749 | D:2      | Reached skill level 1 in Evocations
  2095 | D:2      | Reached XP level 4. HP: 32/32 MP: 7/11
  2285 | D:2      | Reached skill level 1 in Shapeshifting
  2643 | D:3      | Found an iron altar of Okawaru.
  2796 | D:3      | Noticed a phantom
  2989 | D:3      | Reached skill level 1 in Hexes
  2989 | D:3      | Reached skill level 1 in Summonings
  2989 | D:3      | Reached skill level 1 in Necromancy
  2989 | D:3      | Reached skill level 1 in Translocations
  2989 | D:3      | Reached skill level 1 in Transmutations
  2989 | D:3      | Reached skill level 1 in Ice Magic
  2989 | D:3      | Reached skill level 1 in Air Magic
  2989 | D:3      | Reached skill level 1 in Earth Magic
  2989 | D:3      | Reached skill level 1 in Poison Magic
  3030 | D:3      | Learned a level 2 spell: Blink
  3035 | D:3      | Learned a level 4 spell: Flame Wave
  3542 | D:4      | Identified the "Kalos"
  3579 | D:4      | Reached XP level 5. HP: 37/37 MP: 6/12
  3767 | D:4      | Reached XP level 6. HP: 17/44 MP: 0/13
  4634 | D:4      | Reached skill level 5 in Dodging
  4954 | D:5      | Entered Level 5 of the Dungeon
  4979 | D:5      | Found a shimmering blue altar of Sif Muna.
  5318 | D:5      | Found a sand-covered staircase.
  5328 | Ossuary  | Entered an ossuary
  5973 | Ossuary  | Reached XP level 7. HP: 50/50 MP: 6/15
  6943 | D:5      | Reached skill level 5 in Stealth
  7644 | D:5      | Reached XP level 8. HP: 57/57 MP: 10/16
  8210 | D:5      | Reached skill level 6 in Spellcasting
  9291 | D:6      | Reached XP level 9. HP: 63/65 MP: 9/18
 11168 | D:6      | Found a staircase to the Ecumenical Temple.
 11177 | Temple   | Entered the Ecumenical Temple
 11188 | Temple   | Became a worshipper of Vehumet
 11246 | D:7      | Reached skill level 5 in Invocations
 11329 | D:7      | Found a large runed translucent door.
 11329 | D:7      | Found a large runed translucent door.
 11617 | D:7      | Noticed Jeremiah
 11644 | D:7      | Found a hide-covered altar of Uskayaw.
 11891 | D:7      | Noticed Dowan
 11892 | D:7      | Noticed Duvessa
 12366 | D:8      | Found a broken altar of Ashenzari.
 12421 | D:8      | Reached skill level 7 in Spellcasting
 12429 | D:8      | Noticed a cyclops
 12774 | D:8      | Identified a scroll of acquirement
 12774 | D:8      | Identified the "Ciemp" (You acquired it on level 8 of the
                  | Dungeon)
 12774 | D:8      | Acquired the Precepts of Assaults
 13007 | D:8      | Reached XP level 10. HP: 55/73 MP: 13/20
 13101 | D:7      | Reached * piety under Vehumet
 13101 | D:7      | Offered knowledge of Sandblast by Vehumet.
 13104 | D:7      | Reached skill level 5 in Fighting
 13104 | D:7      | Reached skill level 5 in Short Blades
 13104 | D:7      | Reached skill level 5 in Long Blades
 13104 | D:7      | Reached skill level 5 in Axes
 13104 | D:7      | Reached skill level 5 in Maces & Flails
 13104 | D:7      | Reached skill level 5 in Polearms
 13104 | D:7      | Reached skill level 5 in Staves
 13104 | D:7      | Reached skill level 5 in Ranged Weapons
 13104 | D:7      | Reached skill level 5 in Throwing
 13104 | D:7      | Reached skill level 5 in Armour
 13104 | D:7      | Reached skill level 5 in Shields
 13104 | D:7      | Reached skill level 5 in Unarmed Combat
 13104 | D:7      | Reached skill level 5 in Evocations
 13105 | D:8      | HP: 1/74 [centaur/arrow (10)]
 13105 | D:8      | Shot with an arrow by a centaur

Illustrated notes

Levels and vault maps discovered:
D:1:      evilmike_arrival_plus, layout_basic, serial_forest,
          infiniplex_forest_straight_2, infiniplex_forest_clump_large,
          infiniplex_forest_clump_cross, infiniplex_forest_zigzag_1,
          infiniplex_forest_lined_2
D:2:      layout_basic, minmay_indecisive_spiral
D:3:      layout_loops_ring, okawaru_metal_pillars_3, chequers_avenue,
          kennysheep_pointless_box, small_statue_intersection,
          grunt_decor_mini_mirrors
D:4:      layout_loops_corners, serial_glass, glass_columns_a, glass_columns_b,
          glass_columns_a, glass_columns_a, glass_columns_a, glass_columns_a,
          glass_columns_a, glass_columns_a, glass_columns_c, glass_columns_b,
          wad_floor_pattern_2, grunt_decor_fettered
D:5:      minmay_razor_zed, layout_gridville, general_overflow_altar,
          nicolae_ossuary_entry_monument
D:6:      layout_loops_ring, lemuel_temple_firewalk_b, serial_undead,
          serial_undead_c, serial_undead_a, serial_undead_d, serial_undead_e
D:7:      layout_basic, nicolae_uskayaw_dance_hall, jmf_multi_god_temple2,
          uniq_duvessa, uniq_jeremiah
D:8:      minmay_s_stair_smasher, layout_basic, lemuel_coloured_pillars_altar,
          nicolae_ashenzari_panopticon, uniq_pikel
Temple:   nicolae_temple_ecumenical_triangle

Skill      XL: |  1  2  3  4  5  6  7  8  9 10 |
---------------+-------------------------------+-----
Conjurations   | 2 3 4 |  4.7
Spellcasting   | 5 6 7 |  7.1
Invocations    | 1 2 3 4 5 |  5.4
Fighting       | 1 2 3 4 5 |  5.0
Short Blades   | 1 2 3 4 5 |  5.0
Long Blades    | 1 2 3 4 5 |  5.0
Axes           | 1 2 3 4 5 |  5.0
Maces & Flails | 1 2 3 4 5 |  5.0
Polearms       | 1 2 3 4 5 |  5.0
Staves         | 1 2 3 4 5 |  5.0
Ranged Weapons | 1 2 3 4 5 |  5.0
Throwing       | 1 2 3 4 5 |  5.0
Armour         | 1 2 3 4 5 |  5.0
Shields        | 1 2 3 4 5 |  5.0
Unarmed Combat | 1 2 3 4 5 |  5.0
Evocations     | 1 2 3 4 5 |  5.0
Shapeshifting  | 1 2 3 4 |  4.5
Hexes          | 1 2 3 4 |  4.1
Summonings     | 1 2 3 4 |  4.1
Necromancy     | 1 2 3 4 |  4.1
Translocations | 1 2 3 4 |  4.1
Transmutations | 1 2 3 4 |  4.1
Ice Magic      | 1 2 3 4 |  4.1
Air Magic      | 1 2 3 4 |  4.1
Earth Magic    | 1 2 3 4 |  4.1
Poison Magic   | 1 2 3 4 |  4.1
Dodging        | 5 6 |  6.8
Stealth        | 5 6 |  6.6
Fire Magic     | 6 |  6.9

Action                     |  1- 3 |  4- 6 |  7- 9 | 10-12 || total
---------------------------+-------+-------+-------+-------++-------
  Melee: Short sword       |    12 |    16 |    44 |       ||    72
         Bite              |       |       |     4 |       ||     4
   Cast: Foxfire           |   111 |   208 |   169 |       ||   488
         Scorch            |       |     3 |   143 |     7 ||   153
         Flame Wave        |       |       |     3 |       ||     3
         Blink             |       |       |     1 |       ||     1
    Use: Scroll            |       |       |    21 |       ||    21
         Potion            |       |       |     1 |       ||     1
   Stab: Sleeping          |       |       |     2 |       ||     2
 Armour: Robe              |    15 |    13 |   125 |    13 ||   166
  Dodge: Dodged            |    13 |    22 |   197 |    18 ||   250
  Block: Other             |     1 |       |       |       ||     1

Table legend: (Time is in decaauts)
 A = Elapsed time spent in this place.
 B = Non-inter-level travel time spent in this place.
 C = Inter-level travel time spent in this place.
 D = Time resting spent in this place.
 E = Time spent auto-exploring this place.
 F = Levels seen in this place.
 G = Mean time per level.
                   A        B        C        D        E       F      G
               +--------+--------+--------+--------+--------+-----+--------+
         Total |  13099 |  12869 |    230 |   4459 |   6422 |  10 | 1309.9 |
       Dungeon |  11740 |  11516 |    224 |   3879 |   6057 |   8 | 1467.5 |
        Temple |     18 |     12 |      6 |      0 |      0 |   1 |   18.0 |
       Ossuary |   1339 |   1339 |      0 |    580 |    365 |   1 | 1339.0 |
               +--------+--------+--------+--------+--------+-----+--------+

Top non-repeatable levels by time:
     D:5: 2988 daAuts
     D:6: 1938 daAuts
     D:4: 1410 daAuts
     D:1: 1409 daAuts
 Ossuary: 1339 daAuts
     D:3: 1096 daAuts
     D:7: 1058 daAuts
     D:2: 1033 daAuts
     D:8: 805 daAuts
  Temple: 18 daAuts
